 Dungeon Crawl Stone Soup version 0.25.1-2-g60ff931df9 (webtiles) character file.

Game seed: 13335878592328945936

38563 OdinFK the Zephyrmancer (level 13, -10/113 HPs)
             Began as a Purple Draconian Air Elementalist on Oct 23, 2020.
             Was a High Priest of Makhleb.
             Mangled by a shambling mangrove (13 damage)
             ... on level 1 of the Swamp on Oct 24, 2020.
             The game lasted 02:15:34 (15860 turns).

OdinFK the Zephyrmancer (DrAE)                     Turns: 15860, Time: 02:15:36

Health: -10/113    AC: 13    Str: 11    XL:     13   Next: 64%
Magic:  21/27      EV: 12    Int: 21    God:    Makhleb [*****.]
Gold:   816        SH:  0    Dex: 14    Spells: 6/32 levels left

rFire    + + .     SeeInvis +   C - +7 short sword of Suykh {speed, *Rage rF+ Dex+3}
rCold    + + .     Gourm    .   (no shield)
rNeg     . . .     Faith    .   (armour unavailable)
rPois    .         Spirit   .   (helmet restricted)
rElec    .         Reflect  .   z - scarf {rC+ rF+}
rCorr    .         Harm     .   p - +1 pair of gloves
MR       +....     Rnd*Rage +   X - +2 pair of boots
Stlth    ++........             (no amulet)
HPRegen  0.28/turn              y - ring of see invisible
MPRegen  0.20/turn              E - ring of protection from cold

@: grasped by roots, very slightly contaminated, slowed, constricted, very slow
A: breathe power, unfitting armour, cold-blooded, AC +8
a: Breathe Dispelling Energy, Minor Destruction, Lesser Servant of Makhleb,
Major Destruction, Greater Servant of Makhleb, Renounce Religion


You were on level 1 of the Swamp.
You worshipped Makhleb.
Makhleb was extremely pleased with you.
You were not hungry.

You visited 4 branches of the dungeon, and saw 20 of its levels.

You collected 996 gold pieces.
You spent 180 gold pieces at shops.

Inventory:

Hand Weapons
 C - the +7 short sword of Suykh (weapon) {speed, *Rage rF+ Dex+3}
   (You found it on level 4 of the Dungeon)

   Attacks with this weapon are significantly faster.
   It affects your dexterity (+3).
   It protects you from fire.
   It may make you go berserk in combat.
Missiles
 e - 22 poisoned darts (quivered)
 s - 9 curare-tipped darts
 G - 3 javelins
 K - 6 datura-tipped darts
 P - 8 boomerangs
 Q - 4 atropa-tipped darts
Armour
 p - a +1 pair of gloves (worn)
 z - a scarf of resistance (worn)
 X - a +2 pair of boots (worn)
Magical Staves
 H - an uncursed staff of conjuration {unknown}
Jewellery
 a - an uncursed ring of flight
 y - a ring of see invisible (left hand)
 E - a ring of protection from cold (right hand)
Wands
 B - a wand of clouds (3)
 D - a wand of digging (15)
 I - a wand of iceblast (24)
 M - a wand of acid (12)
 R - a wand of enslavement (9)
 U - a wand of paralysis (2)
Scrolls
 d - 3 scrolls of summoning
 g - 5 scrolls of amnesia
 i - a scroll of identify
 j - a scroll of vulnerability
 l - a scroll of silence
 o - 4 scrolls of magic mapping
 q - a scroll of fear {unknown}
 t - 4 scrolls of teleportation
 u - 12 scrolls of remove curse
 v - 2 scrolls of fog
 x - a scroll of blinking
 A - 2 scrolls of enchant armour
 F - a scroll of enchant weapon {unknown}
 J - 2 scrolls of acquirement {unknown}
 Y - a scroll of immolation {unknown}
Potions
 c - 4 potions of curing
 f - a potion of berserk rage
 h - 3 potions of haste
 k - 3 potions of mutation
 m - 2 potions of brilliance
 n - 2 potions of lignification
 r - 5 potions of resistance
 w - 4 potions of heal wounds
 L - a potion of ambrosia {unknown}
 N - 3 potions of cancellation
 O - a potion of stabbing {unknown}
 V - a potion of flight {unknown}
Miscellaneous
 W - a phial of floods
 Z - a phantom mirror
Comestibles
 b - 26 rations


   Skills:
 - Level 10.0 Fighting
 - Level 4.0 Short Blades
 - Level 4.0 Throwing
 - Level 5.0 Dodging
 - Level 1.8 Stealth
 - Level 10.0 Spellcasting
 - Level 9.0 Conjurations
 - Level 1.5 Charms
 - Level 3.0 Summonings
 + Level 14.7 Air Magic
 - Level 1.0 Poison Magic
 + Level 4.4 Invocations
 - Level 4.0 Evocations


You had 6 spell levels left.
You knew the following spells:

 Your Spells              Type           Power        Failure   Level  Hunger
a - Shock                 Conj/Air       ####         1%          1    None
b - Swiftness             Chrm/Air       #####...     1%          2    None
c - Static Discharge      Conj/Air       ######..     1%          3    None
d - Airstrike             Air            ######....   1%          4    ##.....
e - Summon Lightning Spi  Summ/Air       #####...     1%          4    ##.....
f - Mephitic Cloud        Conj/Pois/Air  #####...     1%          3    None
g - Lightning Bolt        Conj/Air       ######....   1%          5    ####...
h - Blink                 Tloc           N/A          10%         2    None
i - Poisonous Vapours     Pois/Air       #####.       1%          2    None

Your spell library contained the following spells:

 Spells                   Type           Power        Failure   Level  Hunger
 Magic Dart               Conj           ####         1%          1    None
 Summon Butterflies       Summ           ###.....     1%          1    None
 Summon Small Mammal      Summ           ###.         1%          1    None
 Call Imp                 Summ           ###.....     2%          2    None
 Conjure Flame            Conj/Fire      ####....     3%          3    None
 Dazzling Flash           Conj/Hex       ####..       3%          3    None
 Stone Arrow              Conj/Erth      ####..       3%          3    None
 Sting                    Tmut/Pois      ##..         5%          1    None
 Call Canine Familiar     Summ           ###.....     5%          3    None
 Corona                   Hex            ##.....      6%          1    None
 Sandblast                Erth           ##....       6%          1    None
 Silence                  Hex/Air        #####.....   9%          5    ####...
 Ensorcelled Hibernation  Hex/Ice        ##....       10%         2    None
 Passwall                 Tmut/Erth      ##......     10%         2    None
 Slow                     Hex            ##......     10%         2    None
 Summon Guardian Golem    Hex/Summ       ###.....     11%         3    None
 Ignite Poison            Fire/Tmut/Pois ##......     17%         3    None
 Confusing Touch          Hex            ##......     19%         3    None
 Tukima's Dance           Hex            ##......     19%         3    None
 Fireball                 Conj/Fire      ####......   28%         5    ####...
 Summon Ice Beast         Ice/Summ       ###.....     34%         4    ##.....
 Olgreb's Toxic Radiance  Pois           ##......     38%         4    ##.....
 Cause Fear               Hex            ##........   54%         4    ##.....
 Petrify                  Tmut/Erth      ##......     54%         4    ##.....
 Summon Forest            Summ/Tloc      ###.......   67%         5    ####...
 Summon Mana Viper        Hex/Summ       ###.....     67%         5    ####...
 Starburst                Conj/Fire      ####......   83%         6    ######.
 Lee's Rapid Deconstruct  Erth           ##........   87%         5    ####...
 Yara's Violent Unravell  Hex/Tmut       ##........   87%         5    ####...
 Ring of Flames           Chrm/Fire      ##........   100%        7    #######
 Summon Hydra             Summ           ###.......   100%        7    #######
 Discord                  Hex            ##........   100%        8    #######
 Ignition                 Fire           ##........   100%        8    #######


Dungeon Overview and Level Annotations

Branches:
Dungeon (12/15)            Temple (1/1) D:5            Lair (6/6) D:8
  Swamp (1/4) Lair:3        Snake (0/4) Lair:3        Slime (0/5) Lair:5
    Orc (0/2) D:11

Altars:
Cheibriados
Dithmenos
Elyvilon
Fedhas
Gozag
Makhleb
Nemelex Xobeh
Okawaru
Sif Muna
Trog
Uskayaw
Wu Jian
Xom
Yredelemnul
Zin
The Shining One

Shops:
D:4 =   D:6 =

Annotations:
D:10 3 runed translucent doors, Quickbrownfox's ghost, journeyman DsFE; Urug
D:12 1 runed translucent door
Lair:2 Gastronok


Innate Abilities, Weirdness & Mutations

You can breathe bolts of dispelling energy.
Your rich purple scales are hard. (AC +8)
You cannot fit into any form of body armour.
You are cold-blooded and may be slowed by cold attacks.


Message History

The shambling mangrove hits you!!
* * * LOW HITPOINT WARNING * * *
Blink to where?
Press: ? - help, Dir - move target cursor, p - shambling mangrove You are very lightly contaminated with residual magic.
As you read the scroll of blinking, it crumbles to dust.
You feel sick.
You feel better.
Casting: Summon Lightning Spire (mildly dangerous; 1% risk of failure)
Confirm with . or Enter, or press ? or * to list all spells.
Aiming: Airstrike (safe; 1% risk of failure)
Press: ? - help, Dir - move target cursor, f - shambling mangrove
Aim: a shambling mangrove (severely damaged, covered in acid)
The air twists around and strikes the shambling mangrove!!
The shambling mangrove is almost destroyed.
Roots burst forth from the earth!
The grasping roots grab you!
* * * LOW HITPOINT WARNING * * *
The grasping roots constrict you!
You die...

♣≈..♣.♣.♣...♣≈♣.♣.≈≈♣
♣♣...♣..≈♣♣♣.♣≈♣.≈≈♣♣
♣.♣ ♣.....♣)♣.♣.≈.≈.♣
♣.♣♣♣.♣.♣.♣.♣♣♣..§♣♣
♣♣.♣.♣.♣.♣♣♣.♣.....♣
♣.♣.♣.♣≈♣.♣.♣..≈≈.≈♣
♣..♣≈.≈...♣.♣.....♣ ♣
♣♣.....♣.♣♣♣....≈.♣
♣♣≈♣.♣.♣.♣≈..♣.♣@.≈≈≈♣
.♣♣..≈♣♣♣.♣.♣.♣≈≈..≈♣♣
.♣♣♣♣♣.♣.♣.♣.≈..≈.≈≈♣
..♣♣ ♣♣......≈♣.≈≈.♣♣
≈..♣♣♣≈≈≈≈..y♣....≈.♣
≈≈..♣♣.≈...f.♣♣.♣≈≈.♣
.≈♣.(.)♣≈..≈♣♣♣♣♣.§≈♣
..≈≈≈≈≈y≈≈..♣♣ ♣♣≈♣♣
♣..♣♣.≈≈<.8≈.♣ ♣♣♣


You could see a shambling mangrove (corroded) and a hornet.

Vanquished Creatures
  A thorn hunter (Lair:3)
  Harold (Lair:2)
  2 hydras
  A two-headed ogre (D:7)
  An alligator (Lair:3)
  A death yak (Lair:3)
  Sonja (Lair:4)
  9 elephants
  Psyche (D:8)
  A black mamba (Lair:4)
  A torpor snail (Lair:5)
  5 spiny frogs
  A rime drake (Lair:5)
  3 komodo dragons
  A troll (D:11)
  A merfolk (D:10)
  A polar bear (Lair:6)
  A tyrant leech (Lair:3)
  3 blink frogs (Lair:5)
  5 hornets
  4 slime creatures
  Prince Ribbit (D:8)
  6 dream sheep (Lair:5)
  12 hippogriffs
  A spriggan (Swamp:1)
  2 wyverns
  18 yaks
  2 hungry ghosts (D:7)
  A basilisk (Lair:2)
  4 vampire mosquitoes
  A swamp worm (Lair:3)
  8 water moccasins
  10 porcupines
  4 ice beasts
  5 orc warriors
  An eye of draining (D:11)
  A black bear (D:9)
  6 phantoms
  2 sky beasts
  2 wolves (Lair:4)
  5 ogres
  2 centaurs
  8 crocodiles
  A big kobold (D:7)
  9 bullfrogs
  5 scorpions
  A wyvern skeleton (D:8)
  6 killer bees
  2 water moccasin skeletons
  8 wights
  An electric eel (Lair:3)
  3 howler monkeys (D:12)
  4 bullfrog zombies
  2 crimson imps
  4 hounds
  3 jellies
  4 orc priests
  5 iguanas
  9 orc wizards
  5 worker ants
  A hound zombie (D:7)
  2 hound skeletons
  A howler monkey zombie (D:7)
  A worker ant zombie (D:11)
  6 gnolls
  11 adders
  2 shadow imps
  2 oozes (Lair:5)
  An adder skeleton (D:4)
  A worm (D:2)
  3 dart slugs
  4 leopard geckos
  38 orcs
  8 giant cockroaches
  4 goblins
  3 hobgoblins
  2 jackals (D:1)
  6 quokkas
  5 ball pythons
  10 bats
  4 frilled lizards
  10 kobolds
  A leopard gecko skeleton (D:4)
  A quokka skeleton (D:4)
  5 rats
  A plant (Lair:2)
352 creatures vanquished.

Vanquished Creatures (collateral kills)
  A hydra (Lair:4)
  6 death yaks
  5 oklob plants
  A cyclops (D:11)
  3 black mambas
  An elephant (Lair:2)
  4 spiny frogs
  Maggie (Lair:1)
  4 komodo dragons
  A troll (D:11)
  A hornet (Swamp:1)
  2 tyrant leeches (Lair:3)
  A dream sheep (Lair:6)
  2 hippogriffs
  6 yaks
  2 vampire mosquitoes (Lair:3)
  6 water moccasins
  3 porcupines
  An orc warrior (D:8)
  A phantom (D:11)
  A wolf (Lair:4)
  5 crocodiles
  4 bullfrogs
  2 scorpions
  2 killer bees (D:11)
  3 wights
  2 jellies (Lair:5)
  2 centaur zombies (D:11)
  An orc wizard (D:12)
  2 worker ants
  An adder (Lair:3)
  An ooze (Lair:5)
  3 orcs
  2 quokkas (D:11)
  2 fungi
  A plant (Lair:5)
86 creatures vanquished.

Vanquished Creatures (others)
  A butterfly (Lair:5)
  9 fungi
  11 plants
  14 toadstools (Lair:2)
35 creatures vanquished.

Grand Total: 473 creatures vanquished

Notes
Turn   | Place    | Note
-------+----------+-------------------------------------------
     0 | D:1      | OdinFK the Draconian Air Elementalist began the quest for
                  | the Orb.
     0 | D:1      | Reached XP level 1. HP: 14/14 MP: 3/3
    83 | D:1      | Reached XP level 2. HP: 13/20 MP: 3/5
   103 | D:1      | Learned a level 2 spell: Swiftness
   676 | D:2      | Found a white marble altar of Elyvilon.
   831 | D:2      | Reached XP level 3. HP: 22/27 MP: 0/6
  1028 | D:2      | Learned a level 3 spell: Static Discharge
  1144 | D:2      | Reached skill level 1 in Fighting
  1272 | D:2      | Reached XP level 4. HP: 22/35 MP: 4/7
  1478 | D:3      | Reached skill level 1 in Throwing
  1478 | D:3      | Reached skill level 1 in Charms
  2027 | D:3      | Found a shimmering altar of Xom.
  2028 | D:3      | Found a shimmering altar of Xom.
  2028 | D:3      | Found a shimmering altar of Xom.
  2028 | D:3      | Found a shimmering altar of Xom.
  2028 | D:3      | Found a shimmering altar of Xom.
  2028 | D:3      | Found a shimmering altar of Xom.
  2035 | D:3      | Reached XP level 5. HP: 39/41 MP: 4/9
  2038 | D:3      | Found a shimmering altar of Xom.
  2038 | D:3      | Found a shimmering altar of Xom.
  2185 | D:3      | Reached skill level 4 in Air Magic
  2299 | D:4      | Noticed an ogre
  2316 | D:4      | Killed an ogre
  2316 | D:4      | Reached skill level 5 in Air Magic
  2316 | D:4      | Reached XP level 6. HP: 46/48 MP: 10/10
  2329 | D:4      | Learned a level 4 spell: Airstrike
  2427 | D:4      | Found a sparkling altar of Nemelex Xobeh.
  2493 | D:4      | Found Xaunaco's Jewellery Shop.
  2497 | D:4      | Bought an uncursed ring of see invisible for 180 gold
                  | pieces
  2636 | D:4      | Got a transparent short sword
  2713 | D:4      | Identified the +7 short sword of Suykh {speed, *Rage rF+
                  | Dex+3} (You found it on level 4 of the Dungeon)
  2716 | D:5      | Entered Level 5 of the Dungeon
  2774 | D:5      | Found a staircase to the Ecumenical Temple.
  2820 | Temple   | Entered the Ecumenical Temple
  2865 | Temple   | Became a worshipper of Makhleb the Destroyer
  3006 | D:5      | Reached skill level 1 in Short Blades
  3416 | D:5      | Noticed an ice beast
  3418 | D:5      | Killed an ice beast
  3418 | D:5      | Your scales start taking on a rich purple colour.
  3418 | D:5      | Reached XP level 7. HP: 57/57 MP: 13/13
  3452 | D:5      | Reached skill level 6 in Air Magic
  3508 | D:6      | Found Leymijev's Jewellery Emporium.
  3659 | D:6      | Reached skill level 7 in Air Magic
  3665 | D:6      | Learned a level 4 spell: Summon Lightning Spire
  3782 | D:6      | Reached * piety under Makhleb
  3813 | D:6      | Reached XP level 8. HP: 42/63 MP: 1/14
  3926 | D:6      | Reached skill level 1 in Summonings
  4159 | D:6      | Reached skill level 5 in Spellcasting
  4258 | D:6      | Found a glowing golden altar of the Shining One.
  4260 | D:6      | Found an opulent altar of Gozag.
  4450 | D:7      | Reached skill level 5 in Fighting
  4450 | D:7      | Reached skill level 8 in Air Magic
  4530 | D:7      | Noticed a +0 hand axe
  4530 | D:7      | Noticed a +0 hand axe
  4549 | D:7      | Found a hide-covered altar of Uskayaw.
  4588 | D:7      | Found an iron altar of Okawaru.
  4693 | D:7      | Reached XP level 9. HP: 74/74 MP: 12/16
  4698 | D:7      | Reached skill level 9 in Air Magic
  4708 | D:7      | Learned a level 3 spell: Mephitic Cloud
  4810 | D:8      | Noticed a two-headed ogre
  4818 | D:8      | Noticed Prince Ribbit
  4852 | D:8      | Reached skill level 1 in Poison Magic
  4859 | D:8      | Reached ** piety under Makhleb
  4951 | D:8      | Noticed Psyche
  5113 | D:7      | Reached skill level 5 in Conjurations
  5195 | D:7      | Reached skill level 10 in Air Magic
  5443 | D:7      | Killed a two-headed ogre
  5443 | D:7      | Reached XP level 10. HP: 41/83 MP: 16/19
  5756 | D:8      | Reached skill level 11 in Air Magic
  5819 | D:8      | Found a staircase to the Lair.
  5839 | D:8      | Killed Psyche
  5896 | D:8      | Killed Prince Ribbit
  6155 | D:9      | Reached skill level 1 in Evocations
  6175 | D:9      | Found a shadowy altar of Dithmenos.
  6711 | D:10     | Entered Level 10 of the Dungeon
  6749 | D:10     | Reached *** piety under Makhleb
  6844 | D:10     | Noticed Urug
  6885 | D:10     | Found a shimmering altar of Xom.
  7366 | D:10     | Found a runed translucent gate.
  7367 | D:10     | Found a runed translucent gate.
  7368 | D:10     | Found a runed translucent gate.
  7400 | D:10     | Noticed Quickbrownfox's ghost (journeyman DsFE)
  7839 | Lair:1   | Entered Level 1 of the Lair of Beasts
  7850 | Lair:1   | Learned a level 5 spell: Lightning Bolt
  8126 | Lair:1   | Noticed a spiny frog
  8129 | Lair:1   | Killed a spiny frog
  8336 | Lair:1   | Noticed a spiny frog
  8343 | Lair:1   | Killed a spiny frog
  8343 | Lair:1   | Reached XP level 11. HP: 92/92 MP: 4/21
  8619 | Lair:1   | Noticed Maggie
  8625 | Lair:1   | Killed Maggie
  8723 | Lair:1   | Noticed an eight-headed hydra
  8822 | Lair:1   | Killed an eight-headed hydra
  8822 | Lair:1   | Reached skill level 12 in Air Magic
  9219 | Lair:2   | Learned a level 2 spell: Blink
  9358 | Lair:2   | Reached **** piety under Makhleb
  9418 | Lair:2   | Noticed Harold
  9819 | Lair:2   | Noticed Gastronok
  9841 | Lair:2   | Found a blossoming altar of Fedhas.
  9854 | Lair:2   | Noticed an oklob plant
  9869 | Lair:2   | Killed an oklob plant
 10008 | Lair:3   | Reached skill level 13 in Air Magic
 10011 | Lair:3   | Found a staircase to the Swamp.
 10013 | Lair:3   | Noticed a death yak
 10231 | Lair:3   | Reached skill level 1 in Invocations
 10401 | Lair:3   | Reached XP level 12. HP: 77/101 MP: 19/24
 10424 | Lair:3   | Found a staircase to the Snake Pit.
 10509 | Lair:3   | Noticed a death yak
 10521 | Lair:3   | Killed a death yak
 10540 | Lair:3   | Noticed a death yak
 10549 | Lair:3   | Killed a death yak
 10566 | Lair:3   | Noticed a death yak
 10582 | Lair:3   | Noticed a death yak
 10584 | Lair:3   | Killed a death yak
 10873 | Lair:4   | Learned a level 2 spell: Poisonous Vapours
 10994 | Lair:4   | Noticed Sonja
 11019 | Lair:4   | Noticed a four-headed hydra
 11028 | Lair:4   | Killed a four-headed hydra
 11269 | Lair:4   | Reached ***** piety under Makhleb
 11413 | Lair:4   | Killed Sonja
 11555 | Lair:5   | Found a staircase to the Slime Pits.
 11973 | Lair:5   | Identified the Collected Works on Cloudy Calling
 12209 | Lair:3   | Killed a death yak
 12215 | Lair:3   | Killed a death yak
 12287 | Lair:2   | Killed Harold
 12789 | D:11     | Reached XP level 13. HP: 111/111 MP: 7/26
 12999 | D:11     | Found a staircase to the Orcish Mines.
 13268 | D:12     | Found a runed translucent door.
 13698 | Lair:6   | Entered Level 6 of the Lair of Beasts
 14118 | Lair:5   | Reached skill level 5 in Dodging
 14258 | Lair:6   | Reached skill level 10 in Fighting
 14258 | Lair:6   | Reached skill level 10 in Spellcasting
 14296 | Lair:6   | Reached skill level 14 in Air Magic
 14817 | Swamp:1  | Entered Level 1 of the Swamp
 14817 | Swamp:1  | Noticed a thorn hunter
 14826 | Lair:3   | Killed a thorn hunter
 15431 | Swamp:1  | Paralysed by a hornet for 3 turns
 15857 | Swamp:1  | HP: 5/113 [shambling mangrove (24)]
 15860 | Swamp:1  | Mangled by a shambling mangrove

Illustrated notes

Levels and vault maps discovered:
D:1:      nicolae_arrival_memento_mori, layout_basic
D:2:      layout_basic, lemuel_crystal_altar
D:3:      layout_loops_ring, xom_redecorated
D:4:      layout_rooms, first_ration, serial_shops, shop,
          nemelex_xobeh_ov_fountains_minmay
D:5:      layout_loops_ring, minmay_temple_entry_mist, saegor_snake_ambush
D:6:      layout_loops_ring, gammafunk_temple_overflow_statue, serial_shops,
          nicolae_shop_crystal, kennysheep_flooded_box,
          minmay_misc_feat_enclosed
D:7:      layout_cave_pools, dancing_weapons_uskayaw, kennysheep_mini
D:8:      layout_rooms, grunt_lair_entry_orc_guard_hut, uniq_psyche,
          uniq_prince_ribbit1
D:9:      layout_gridville, basic_altar
D:10:     layout_stronghold, basic_altar, gammafunk_ghost_icy,
          hangedman_fish_farm, uniq_urug
D:11:     layout_rooms, orc_0_dummy
D:12:     cheibrodos_shockbox, layout_cave_pools, grunt_decor_mini_mirrors,
          drop_trap, minivault_5
Temple:   minmay_crystal_spiral_temple
Lair:1:   layout_layer_cave, uniq_maggie
Lair:2:   layout_cave_pods, tgw_fedhas, uniq_gastronok, uniq_harold
Lair:3:   layout_misc_corridors, minmay_swamp_entry_swarm,
          minmay_snake_entry_six_corridors, serial_bayou_shore_a,
          lemuel_fruit_tree
Lair:4:   layout_roguey, infiniplex_staircase_pool, grunt_megastairs_4,
          uniq_sonja
Lair:5:   layout_cave_shapes, nicolae_slime_entry_slimehenge,
          lemuel_fruit_fields, minmay_lair_oklob_chamber
Lair:6:   evilmike_catoblepas_cave, layout_cave_pods, grunt_megastairs_5,
          serial_bayou_shore_b
Swamp:1:  layout_falls_marsh, nicolae_swamp_dense_foliage

Skill      XL: |  1  2  3  4  5  6  7  8  9 10 11 12 13 |
---------------+----------------------------------------+-----
Dodging        | 2 4 5 |  5.0
Fighting       | 1 2 3 5 6 7 8 9 10 | 10.0
Conjurations   | 2 3 4 5 6 8 9 |  9.0
Throwing       | 1 2 3 4 |  4.0
Charms         | 1 |  1.5
Spellcasting   | 3 4 5 6 7 8 9 10 | 10.0
Air Magic      | 5 7 8 10 11 13 14 | 14.7
Short Blades   | 1 2 4 |  4.0
Summonings     | 2 3 |  3.0
Poison Magic   | 1 |  1.0
Evocations     | 3 4 |  4.0
Invocations    | 1 4 |  4.4
Stealth        | |  1.8

Action                   |  1- 3 |  4- 6 |  7- 9 | 10-12 | 13-15 || total
-------------------------+-------+-------+-------+-------+-------++-------
Melee: Spear             |   139 |    97 |       |       |       ||   236
       Unarmed           |     5 |       |       |       |       ||     5
       Tailslap          |    10 |    12 |    18 |    42 |    21 ||   103
       Short sword       |       |    32 |   164 |   420 |   172 ||   788
Throw: Dart              |     7 |    40 |    29 |    46 |     3 ||   125
       Boomerang         |       |       |       |    32 |     9 ||    41
 Cast: Shock             |    31 |    46 |    18 |    38 |     7 ||   140
       Airstrike         |       |     1 |    31 |   107 |    40 ||   179
       Static Discharge  |       |       |     5 |     2 |    23 ||    30
       Mephitic Cloud    |       |       |     3 |     9 |     3 ||    15
       Summon Lightning  |       |       |       |    60 |    28 ||    88
       Lightning Bolt    |       |       |       |    10 |     2 ||    12
       Swiftness         |       |       |       |     3 |       ||     3
       Poisonous Vapours |       |       |       |     5 |    27 ||    32
Invok: Minor Destruction |       |       |       |       |     1 ||     1
Evoke: Wand              |       |       |       |     6 |     3 ||     9
  Use: Scroll            |     3 |     4 |     7 |     8 |     7 ||    29
       Potion            |       |     1 |       |     2 |     1 ||     4
 Stab: Sleeping          |     1 |     3 |     1 |     9 |       ||    14
       Confused          |       |       |       |     2 |       ||     2
       Distracted        |       |       |       |     2 |     2 ||     4
       Paralysed         |       |       |       |     1 |       ||     1
  Eat: Chunk             |     2 |     7 |    13 |    34 |    10 ||    66
       Ration            |       |       |       |     2 |     1 ||     3
Armor: Skin              |    57 |    48 |    34 |   102 |    71 ||   312
Dodge: Dodged            |    84 |    66 |    93 |   185 |   208 ||   636
